[Event "POL-chT 2nd League Juniors 2020"]
[Site "Sypniewo"]
[Date "2020.10.24"]
[Round "2.5"]
[White "Miarecka, Natalia"]
[Black "Lach, Alicja"]
[Result "1-0"]
[ECO "B30"]
[WhiteElo "1289"]
[BlackElo "1161"]
[Annotator "NA RC"]
[PlyCount "119"]
[EventDate "2020.10.23"]
[EventType "team-tourn"]
[EventCountry "POL"]
[SourceTitle "playchess.com"]
[Source "ChessBase"]
[SourceQuality "1"]
[TimeControl "5400+30"]

1. e4 c5 2. Nf3 Nc6 3. c3 d5 4. exd5 Qxd5 5. d4 Bg4 6. Be2 Nf6 7. Be3 cxd4 8. cxd4 e6 9. Nc3 Qd7 10. Ne5 Bxe2 11. Nxd7 Bxd1 12. Nxf6+ gxf6 13. Rxd1 f5 14. Ke2 Bg7 15. d5 Ne5 16. Nb5 Rd8 17. dxe6 fxe6 18. Rxd8+ Kxd8 19. Rd1+ Ke7 20. Bxa7 Rc8 21. Bd4 Bf6 22. f4 Ng6 23. Bxf6+ Kxf6 24. g3 Ra8 25. a3 Ra6 26. Rd7 Rb6 27. a4 Ra6 28. b3 Rc6 29. Kd2 Ne7 30. Rxb7 h5 31. a5 Nd5 32. Nd4 Rd6 33. b4 Nxf4 34. gxf4 Rxd4+ 35. Kc3 Rxf4 36. a6 Rf1 37. a7 Ra1 38. b5 f4 39. b6 f3 40. Rb8 Ke7 41. a8=Q Rxa8 42. Rxa8 f2 43. Ra1 Kd6 44. Rb1 Kc6 45. Kd4 f1=Q 46. Rxf1 Kxb6 47. Rf6 Kb5 48. Rxe6 h4 49. Rh6 h3 50. Rxh3 Kc6 51. Rg3 Kd6 52. h4 Ke6 53. h5 Kf6 54. h6 Ke6 55. h7 Kf6 56. h8=Q+ Ke6 57. Qe5+ Kd7 58. Qf6 Kc7 59. Rg7+ Kc8 60. Qf8# 1-0

[Event "POL-chT 2nd League Juniors 2020"]
[Site "Sypniewo"]
[Date "2020.10.24"]
[Round "2.6"]
[White "Mainka, Anna"]
[Black "Predkiewicz, Paulina"]
[Result "0-1"]
[ECO "C50"]
[WhiteElo "1280"]
[BlackElo "1243"]
[Annotator "NA RC"]
[PlyCount "122"]
[EventDate "2020.10.23"]
[EventType "team-tourn"]
[EventCountry "POL"]
[SourceTitle "playchess.com"]
[Source "ChessBase"]
[SourceQuality "1"]
[TimeControl "5400+30"]

1. e4 e5 2. Nf3 Nc6 3. Bc4 Nf6 4. d3 Bc5 5. c3 d6 6. Bb3 Bg4 7. O-O O-O 8. Nbd2 Bb6 9. Re1 Nd7 10. Nf1 Nc5 11. Bc2 Ne6 12. Ng3 f5 13. exf5 Bxf5 14. Bb3 Qe7 15. Ng5 Ncd8 16. d4 Kh8 17. Nxf5 Rxf5 18. Nxe6 Nxe6 19. Bc2 Rf6 20. Rf1 exd4 21. Qd3 g6 22. Qe4 Qg7 23. Qh4 Qf7 24. Bb3 dxc3 25. bxc3 Rxf2 26. Rxf2 Rf8 27. Be3 Bxe3 28. Raf1 Bxf2+ 29. Rxf2 Qxf2+ 30. Qxf2 Rxf2 31. Kxf2 Nc5 32. Bd5 Kg7 33. Ke3 Kf6 34. Kd4 h6 35. Bf3 h5 36. Bd5 g5 37. Bf3 g4 38. Bd1 c6 39. g3 Ne6+ 40. Ke4 d5+ 41. Ke3 Ke5 42. Bc2 c5 43. Bg6 Ng7 44. Kd3 b6 45. Ke3 Kf6 46. Bd3 Ne6 47. a4 Ng5 48. Kf4 Nf3 49. Ke3 Nxh2 50. Be2 Ke5 51. Kf2 Ke4 52. Kg2 Nf3 53. Kf2 d4 54. cxd4 cxd4 55. Kf1 d3 56. Bxf3+ gxf3 57. Ke1 Ke3 58. Kf1 d2 59. Kg1 d1=Q+ 60. Kh2 Qf1 61. g4 Qg2# 0-1

[Event "POL-chT 2nd League Juniors 2020"]
[Site "Sypniewo"]
[Date "2020.10.24"]
[Round "2.8"]
[White "Kubica, Dominik"]
[Black "Szuber, Dawid"]
[Result "0-1"]
[ECO "B20"]
[WhiteElo "1577"]
[BlackElo "1496"]
[Annotator "NA RC"]
[PlyCount "92"]
[EventDate "2020.10.23"]
[EventType "team-tourn"]
[EventCountry "POL"]
[SourceTitle "playchess.com"]
[Source "ChessBase"]
[SourceQuality "1"]
[TimeControl "5400+30"]

1. e4 c5 2. d4 d5 3. exd5 Qxd5 4. Nf3 e6 5. Nc3 Qd8 6. Bf4 Nf6 7. Bc4 a6 8. O-O b5 9. Bd3 c4 10. Be2 Nc6 11. Re1 Be7 12. a4 b4 13. Nb1 Na5 14. Ne5 Nd5 15. Bg3 c3 16. bxc3 bxc3 17. Qd3 Bb4 18. Na3 Bb7 19. Nac4 Nxc4 20. Qxc4 Rc8 21. Qd3 O-O 22. Bh5 Nf6 23. Bh4 Be7 24. Bxf7+ Rxf7 25. Nxf7 Kxf7 26. Bxf6 Bxf6 27. Qxh7 Qd5 28. Qh3 Rc4 29. Rab1 Rxd4 30. f3 Bc6 31. Qg3 e5 32. Qh3 e4 33. fxe4 Rxe4 34. Rf1 Re2 35. Rxf6+ gxf6 36. Qh7+ Ke6 37. Qg8+ Ke7 38. Qh7+ Kd6 39. Qd3 Qxd3 40. cxd3 Rb2 41. Rc1 c2 42. Kf2 Bxa4 43. Ke3 Rb1 44. Kd2 Rxc1 45. Kxc1 Ke5 46. Kd2 Bb3 0-1

[Event "POL-chT 2nd League Juniors 2020"]
[Site "Sypniewo"]
[Date "2020.10.24"]
[Round "2.9"]
[White "Bochenek, Ryszard"]
[Black "Zaborski, Igor"]
[Result "1-0"]
[ECO "B07"]
[WhiteElo "1445"]
[BlackElo "1612"]
[Annotator "NA RC"]
[PlyCount "57"]
[EventDate "2020.10.23"]
[EventType "team-tourn"]
[EventCountry "POL"]
[SourceTitle "playchess.com"]
[Source "ChessBase"]
[SourceQuality "1"]
[TimeControl "5400+30"]

1. e4 d6 2. d4 Nf6 3. Nc3 g6 4. Bg5 Bg7 5. Qd2 c6 6. Bd3 h6 7. Be3 Nbd7 8. f3 Qb6 9. O-O-O c5 10. Nge2 a6 11. g4 Qc7 12. Ng3 b5 13. h4 b4 14. Nb1 c4 15. Be2 Rb8 16. c3 a5 17. h5 bxc3 18. Nxc3 e5 19. d5 Nc5 20. hxg6 fxg6 21. Bxh6 Bxh6 22. Rxh6 Rxh6 23. Qxh6 Qb6 24. Qxg6+ Ke7 25. Rd2 Nd3+ 26. Bxd3 cxd3 27. Qg7+ Ke8 28. Qxf6 Qg1+ 29. Nd1 1-0

[Event "POL-chT 2nd League Juniors 2020"]
[Site "Sypniewo"]
[Date "2020.10.24"]
[Round "2.9"]
[White "Pawlowski, Kamil"]
[Black "Jendrowiak, Maciej"]
[Result "0-1"]
[ECO "A25"]
[WhiteElo "1162"]
[BlackElo "1382"]
[Annotator "NA RC"]
[PlyCount "116"]
[EventDate "2020.10.23"]
[EventType "team-tourn"]
[EventCountry "POL"]
[SourceTitle "playchess.com"]
[Source "ChessBase"]
[SourceQuality "1"]
[TimeControl "5400+30"]

1. c4 e5 2. Nc3 Nc6 3. e3 g6 4. Nge2 Bg7 5. d4 d6 6. g3 f5 7. Bg2 Nf6 8. Bxc6+ bxc6 9. dxe5 dxe5 10. Qxd8+ Kxd8 11. b3 Ke7 12. Ba3+ Kf7 13. O-O-O Ng4 14. Rdf1 Bh6 15. Kb1 Be6 16. Na4 Rab8 17. Nb2 Rhd8 18. h3 Nf6 19. Rd1 Ne4 20. f3 Nf2 21. Rxd8 Rxd8 22. Rf1 Bxe3 23. h4 Rd2 24. Nc1 f4 25. g4 a5 26. b4 a4 27. b5 c5 28. Re1 h5 29. gxh5 Bf5+ 30. Ka1 Rc2 31. Nxa4 Rxc4 32. b6 cxb6 33. Nxb6 Bd4+ 34. Bb2 Rb4 35. Nb3 Bxb2+ 36. Kxb2 Nd3+ 37. Kc3 Nxe1 38. Nd5 Rb8 39. hxg6+ Bxg6 40. Nxc5 Rc8 41. Kb4 Nd3+ 42. Nxd3 Bxd3 43. Nb6 Rb8 44. Kc5 Ke6 45. a4 Be2 46. a5 Bxf3 47. a6 Kf5 48. a7 Rxb6 49. Kxb6 Kg4 50. h5 Kxh5 51. Kc5 Kg4 52. Kc4 Ba8 53. Kd3 Kf3 54. Kd2 Kf2 55. Kd1 e4 56. Kd2 e3+ 57. Kd3 e2 58. Kd4 e1=Q 0-1

[Event "POL-chT 2nd League Juniors 2020"]
[Site "Sypniewo"]
[Date "2020.10.24"]
[Round "2.10"]
[White "Rozek, Michal"]
[Black "Suszczynski, Dominik"]
[Result "1-0"]
[ECO "B30"]
[WhiteElo "1442"]
[BlackElo "1241"]
[Annotator "NA RC"]
[PlyCount "37"]
[EventDate "2020.10.23"]
[EventType "team-tourn"]
[EventCountry "POL"]
[SourceTitle "playchess.com"]
[Source "ChessBase"]
[SourceQuality "1"]
[TimeControl "5400+30"]

1. e4 c5 2. Nf3 Nc6 3. Bb5 d6 4. O-O Nf6 5. Re1 Bd7 6. c3 g6 7. d4 cxd4 8. cxd4 Bg7 9. Nc3 O-O 10. h3 Ne8 11. Be3 f5 12. Bc4+ Kh8 13. exf5 gxf5 14. Ng5 d5 15. Bxd5 Nd6 16. Qh5 h6 17. Qg6 hxg5 18. Qh5+ Bh6 19. Qxh6# 1-0

[Event "POL-chT 2nd League Juniors 2020"]
[Site "Sypniewo"]
[Date "2020.10.24"]
[Round "2.10"]
[White "Oles, Mateusz"]
[Black "Nowakowski, Maksymilian"]
[Result "1/2-1/2"]
[ECO "C01"]
[WhiteElo "1029"]
[BlackElo "1113"]
[Annotator "NA RC"]
[PlyCount "69"]
[EventDate "2020.10.23"]
[EventType "team-tourn"]
[EventCountry "POL"]
[SourceTitle "playchess.com"]
[Source "ChessBase"]
[SourceQuality "1"]
[TimeControl "5400+30"]

1. e4 e6 2. d4 d5 3. exd5 exd5 4. Nf3 Nf6 5. c4 Bg4 6. Be3 c6 7. Nc3 Bb4 8. a3 Bxc3+ 9. bxc3 Qa5 10. Bd2 O-O 11. cxd5 Qxd5 12. Be2 Re8 13. O-O Ne4 14. h3 Nxd2 15. Qxd2 Bf5 16. Rfe1 Nd7 17. c4 Qd6 18. Bd3 Bxd3 19. Qxd3 Nc5 20. Qf5 Nb3 21. Ng5 Qg6 22. Qxg6 hxg6 23. Rxe8+ Rxe8 24. Rd1 f6 25. Nf3 Rd8 26. Kh2 Kf7 27. Kg3 Rd7 28. h4 Na5 29. Rc1 Nb3 30. Rd1 Na5 31. Rc1 Nb3 32. Rd1 Na5 33. Rc1 Nb3 34. Rd1 Na5 35. Rc1 1/2-1/2

[Event "POL-chT 2nd League Juniors 2020"]
[Site "Sypniewo"]
[Date "2020.10.24"]
[Round "2.11"]
[White "Wasala, Wiktoria"]
[Black "Hertlein, Irena"]
[Result "0-1"]
[ECO "B23"]
[WhiteElo "1458"]
[BlackElo "1893"]
[Annotator "NA RC"]
[PlyCount "98"]
[EventDate "2020.10.23"]
[EventType "team-tourn"]
[EventCountry "POL"]
[SourceTitle "playchess.com"]
[Source "ChessBase"]
[SourceQuality "1"]
[TimeControl "5400+30"]

1. e4 c5 2. Nc3 Nc6 3. f4 g6 4. Nf3 Bg7 5. Bc4 e6 6. O-O Nge7 7. Be2 {[%emt 0:08:52] B23: Closed Sicilian: Lines without g3.} O-O 8. d3 d5 9. e5 a6 {[%emt 0:01:10] [#]} 10. Na4 $146 ({Predecessor:} 10. Nb1 b5 11. c3 Bb7 12. Be3 d4 13. Bd2 Qb6 14. Ng5 Rad8 15. a4 dxc3 16. bxc3 {1-0 (57) Fernandez Garcia,I (1907)-Garcia Fernandez,J (1892) Madrid 2014}) 10... b6 11. d4 cxd4 12. Nxd4 b5 13. Nc5 Qb6 14. Ndb3 Rd8 15. Be3 Bf8 16. Bf2 Qc7 17. c3 Nf5 18. Bf3 Rb8 19. g4 Ng7 20. Nd3 a5 21. Nd4 Ba6 22. Rc1 Qd7 23. Nxc6 Qxc6 24. b4 a4 25. Nc5 Be7 26. Bd4 Bc8 27. Qe1 Ne8 28. a3 Nc7 29. Qf2 Na8 30. c4 (30. Be2 $142) 30... bxc4 31. Rxc4 Qb5 {[%emt 0:00:46] [#]} 32. Rc3 $1 Nb6 33. Be2 Nc4 34. Bxc4 $2 (34. Bd3 $18) 34... dxc4 35. Rfc1 Bxc5 36. Bxc5 Bb7 37. Rxc4 $2 (37. Bd6 $11) 37... Qc6 38. Kf1 Ba6 39. Ke1 Qh1+ 40. Qf1 Qd5 {[%emt 0:00:23] Pin} ({But not} 40... Qxh2 41. R4c2 $19) 41. Rd4 (41. Bd6 {keeps fighting.} Bxc4 42. Qxc4 Qh1+ {[%mdl 64] Double Attack} 43. Qf1 Qxh2 44. Qf3) 41... Qxd4 ({Less strong is} 41... Bxf1 42. Rxd5 Rxd5 43. Kxf1 $17) 42. Bxd4 Bxf1 43. Kxf1 (43. Rd1 $142 Bb5 44. Rd2) 43... Rxd4 44. Rb1 $19 Rxf4+ 45. Ke2 Rxg4 46. b5 Re4+ 47. Kd3 Rxe5 48. Kc4 Re3 49. Kb4 Rb3+ 0-1

[Event "POL-chT 2nd League Juniors 2020"]
[Site "Sypniewo"]
[Date "2020.10.24"]
[Round "2.14"]
[White "Topola, Rafal"]
[Black "Zniszczol, Wiktoria"]
[Result "1-0"]
[ECO "B23"]
[WhiteElo "1827"]
[BlackElo "1620"]
[Annotator "NA RC"]
[PlyCount "83"]
[EventDate "2020.10.23"]
[EventType "team-tourn"]
[EventCountry "POL"]
[SourceTitle "playchess.com"]
[Source "ChessBase"]
[SourceQuality "1"]
[TimeControl "5400+30"]

1. e4 c5 2. Nc3 a6 3. g3 b5 4. Bg2 Bb7 5. Nge2 d6 6. O-O {[%emt 0:01:04] B23: Closed Sicilian: Lines without g3.} Nf6 7. d3 {[%emt 0:00:49] has lost popularity (7.d4).} e6 8. Bg5 Be7 {[%emt 0:00:51] [#]} 9. a4 $146 ({Predecessor:} 9. Nf4 Nfd7 10. Bxe7 Qxe7 11. Qd2 O-O 12. a4 b4 13. Nd1 e5 14. Nd5 Bxd5 15. exd5 {1-0 (68) Arat,U (2007)-Eggink,R (1925) Batumi 2010}) 9... Qb6 10. Qd2 b4 11. Nd1 h6 12. Bf4 Qc7 13. Re1 a5 14. e5 Bxg2 15. exf6 Bxf6 16. Kxg2 Qc6+ 17. Kg1 g5 18. Be3 d5 (18... Qf3 $142 19. d4 Nc6) 19. c3 Nd7 20. d4 b3 21. f4 c4 22. fxg5 hxg5 23. Bxg5 O-O-O 24. Bxf6 Nxf6 25. Qf4 Ne4 26. Nf2 Nd6 27. Ng4 Nf5 28. Ne5 Qb7 29. Rf1 Rdg8 30. Rf2 Rh4 31. Qd2 f6 32. Nf3 Re4 33. Nf4 Qc7 34. Ng2 Qh7 35. Re1 Rh8 36. Rxe4 dxe4 37. Nfh4 e3 38. Nxe3 Nxh4 $18 39. gxh4 Qxh4 40. Rg2 Qe4 41. Qe2 Kd7 42. Nxc4 1-0

[Event "POL-chT 2nd League Juniors 2020"]
[Site "Sypniewo"]
[Date "2020.10.24"]
[Round "2.15"]
[White "Karut, Kacper"]
[Black "Nowak, Filip"]
[Result "1/2-1/2"]
[ECO "C88"]
[WhiteElo "1657"]
[BlackElo "1871"]
[Annotator "NA RC"]
[PlyCount "63"]
[EventDate "2020.10.23"]
[EventType "team-tourn"]
[EventCountry "POL"]
[SourceTitle "playchess.com"]
[Source "ChessBase"]
[SourceQuality "1"]
[TimeControl "5400+30"]

1. e4 e5 2. Nf3 Nc6 3. Bb5 a6 4. Ba4 Nf6 5. O-O Be7 6. Re1 b5 7. Bb3 d6 8. a4 b4 9. h3 {[%emt 0:06:59] C90: Closed Ruy Lopez with 7...d6: Early deviations.} Na5 10. Ba2 Bb7 11. d3 O-O 12. Nbd2 {[%emt 0:05:10] [#]} c6 $146 ({Predecessor:} 12... c5 13. c3 Rc8 14. cxb4 cxb4 15. Nf1 d5 16. exd5 b3 17. Bxb3 Nxb3 18. Qxb3 Qxd5 19. Qxd5 Nxd5 20. Nxe5 {½-½ (32) Svidler,P (2728)-Aronian,L (2744) Wijk aan Zee 2007}) 13. Nb3 h6 14. Bd2 Nxb3 15. Bxb3 a5 16. c3 bxc3 17. Bxc3 c5 18. Qd2 Bc6 19. Bc4 Qc7 20. Nh2 Nh5 21. Ng4 Bg5 22. Ne3 ({Better is} 22. Qd1 $1 $14) 22... Nf4 23. Qd1 Kh8 24. Kh2 f5 25. f3 g6 (25... Bd7 $11) 26. g3 Nh5 27. Nd5 Qb8 $2 (27... Bxd5 $16 28. Bxd5 Rae8) 28. Rg1 Ra7 ({Black should try} 28... f4 $15 29. g4 Ng7) 29. b3 (29. f4 $1 $14 Bxd5 30. Bxd5) 29... f4 30. g4 Nf6 31. Nxf6 $15 Bxf6 32. Be1 1/2-1/2

[Event "POL-chT 2nd League Juniors 2020"]
[Site "Sypniewo"]
[Date "2020.10.24"]
[Round "2.16"]
[White "Zimny, Jakub"]
[Black "Pycinski, Wladyslaw"]
[Result "0-1"]
[ECO "B27"]
[WhiteElo "1569"]
[BlackElo "1149"]
[Annotator "NA RC"]
[PlyCount "148"]
[EventDate "2020.10.23"]
[EventType "team-tourn"]
[EventCountry "POL"]
[SourceTitle "playchess.com"]
[Source "ChessBase"]
[SourceQuality "1"]
[TimeControl "5400+30"]

1. e4 c5 2. Nf3 g6 3. d4 cxd4 4. Nxd4 Nc6 5. Be3 Bg7 6. c4 Nf6 7. Nc3 d6 8. Be2 Qa5 9. O-O O-O 10. f4 Bd7 11. Nb3 Qd8 12. c5 dxc5 13. e5 Ne8 14. Nxc5 Bc8 15. Qxd8 Nxd8 16. Rfd1 Nc7 17. Rd2 Nde6 18. Rad1 g5 19. g3 gxf4 20. gxf4 Bh6 21. Nxe6 Nxe6 22. Nd5 Kh8 23. f5 Bxe3+ 24. Nxe3 Nf4 25. Bf3 Rg8+ 26. Kf1 Nh3 27. Rd8 Ng5 28. Rxg8+ Kxg8 29. Rd8+ Kg7 30. Bg2 Rb8 31. h4 b6 32. hxg5 Ba6+ 33. Kf2 Rxd8 34. f6+ exf6 35. gxf6+ Kf8 36. Bd5 Bc8 37. Kg3 Be6 38. Bxe6 fxe6 39. Nc4 Kf7 40. b3 b5 41. Na5 Rd5 42. Nc6 Ke8 43. Kg4 Rc5 44. Nxa7 Rxe5 45. Nc6 Rf5 46. Nd4 Rxf6 47. Nxb5 e5 48. Kg5 Rf2 49. a4 Kd7 50. Nc3 Rb2 51. Kf5 Kd6 52. Ne4+ Kd5 53. Nc3+ Kc5 54. Kxe5 Rxb3 55. Ne4+ Kb4 56. Kf4 Rb1 57. Ng3 Rg1 58. Kg4 Kxa4 59. Kh3 Kb4 60. Kh2 Ra1 61. Nh5 Kc5 62. Nf6 Ra7 63. Kh3 Kd6 64. Ne4+ Ke5 65. Ng5 h6 66. Nf3+ Kf4 67. Nd4 Re7 68. Kh2 Re4 69. Nc6 Kg4 70. Kg2 h5 71. Kf2 h4 72. Kg1 Kg3 73. Kf1 h3 74. Nd4 Rxd4 0-1

[Event "POL-chT 2nd League Juniors 2020"]
[Site "Sypniewo"]
[Date "2020.10.24"]
[Round "2.17"]
[White "Kudlak, Julia"]
[Black "Jedrzejko, Martyna"]
[Result "1/2-1/2"]
[ECO "B33"]
[WhiteElo "1574"]
[BlackElo "1618"]
[Annotator "NA RC"]
[PlyCount "135"]
[EventDate "2020.10.23"]
[EventType "team-tourn"]
[EventCountry "POL"]
[SourceTitle "playchess.com"]
[Source "ChessBase"]
[SourceQuality "1"]
[TimeControl "5400+30"]

1. e4 c5 2. Nf3 Nc6 3. d4 cxd4 4. Nxd4 Nf6 5. Nc3 e5 6. Ndb5 d6 7. Bg5 a6 8. Na3 b5 9. Nd5 Be7 10. Bxf6 Bxf6 11. c3 O-O 12. Nc2 Bg5 13. h4 Bh6 14. g4 Bf4 15. Qf3 Re8 16. Be2 Bb7 17. Nxf4 exf4 18. Qxf4 Qe7 19. f3 d5 20. O-O-O dxe4 21. fxe4 Qxe4 22. Qxe4 Rxe4 23. Bf3 Re7 24. Rhe1 Rxe1 25. Rxe1 Kf8 26. Nd4 Na5 27. b3 Bxf3 28. Nxf3 Nc6 29. Ne5 Nxe5 30. Rxe5 Rd8 31. Kc2 f6 32. Re6 Ra8 33. a4 bxa4 34. bxa4 Kf7 35. Rb6 g6 36. c4 f5 37. gxf5 gxf5 38. Kd3 Rd8+ 39. Ke3 Rc8 40. Kd4 Rd8+ 41. Ke5 Rc8 42. Kd5 Rd8+ 43. Ke5 Rc8 44. Kd4 Rd8+ 45. Kc3 Ra8 46. c5 f4 47. Kd4 Rd8+ 48. Ke4 Rc8 49. c6 a5 50. Kxf4 Ke6 51. Kg5 Kd6 52. Ra6 Rc7 53. h5 Kc5 54. Kf6 Kd6 55. h6 Kd5 56. Kf5 Kd6 57. Rb6 Kc5 58. Rb1 Kd6 59. Rd1+ Kxc6 60. Ke6 Ra7 61. Rc1+ Kb7 62. Kd7 Kb6+ 63. Ke6 Kb7 64. Rd1 Kc6 65. Rc1+ Kb7 66. Rd1 Kc6 67. Rg1 Kc5 68. Rh1 1/2-1/2

[Event "POL-chT 2nd League Juniors 2020"]
[Site "Sypniewo"]
[Date "2020.10.24"]
[Round "2.18"]
[White "Wieczorek, Maja"]
[Black "Tim, Anna"]
[Result "1-0"]
[ECO "C11"]
[WhiteElo "1141"]
[BlackElo "1237"]
[Annotator "NA RC"]
[PlyCount "140"]
[EventDate "2020.10.23"]
[EventType "team-tourn"]
[EventCountry "POL"]
[SourceTitle "playchess.com"]
[Source "ChessBase"]
[SourceQuality "1"]
[TimeControl "5400+30"]

1. e4 e6 2. d4 d5 3. Nc3 Nf6 4. e5 Nfd7 5. f4 a6 6. Nf3 c5 7. Be3 Nc6 8. Bd3 b5 9. a3 Qb6 10. Be2 Bb7 11. O-O O-O-O 12. Na2 h6 13. c3 Be7 14. b4 c4 15. a4 Rdg8 16. axb5 axb5 17. Qd2 Qd8 18. Nc1 g5 19. h3 g4 20. hxg4 Rxg4 21. Nh2 Rgg8 22. f5 Bg5 23. f6 Bxe3+ 24. Qxe3 Rg5 25. Bg4 Qg8 26. Bh3 Rg3 27. Rf3 Rg5 28. Ne2 Qf8 29. Rg3 Rxg3 30. Qxg3 Qg8 31. Qxg8+ Rxg8 32. Bg4 Nb6 33. Bh5 Nd8 34. Ra5 Bc6 35. Ra6 Kb7 36. Ra1 Na4 37. Rc1 Rg5 38. Bf3 Rg8 39. Ng4 Rh8 40. Nf4 Nb2 41. Nh2 Na4 42. Bh5 Kb8 43. Ne2 Rg8 44. Rf1 Rg5 45. Bg4 Kb7 46. Rf3 h5 47. Bh3 Kc7 48. Rf4 Rg8 49. Rh4 Rh8 50. Bg4 Be8 51. Rxh5 Rxh5 52. Bxh5 Kc8 53. Ng4 Kc7 54. Nh6 Kd7 55. g4 Kc7 56. g5 Kd7 57. Kf1 Nb2 58. Ke1 Nd3+ 59. Kd2 Nf2 60. Bf3 Nh3 61. Nf4 Nxf4 62. Ke3 Nh3 63. Ng8 Nxg5 64. Bg2 Nc6 65. Kf4 Nh7 66. Kg4 Nf8 67. Kg5 Ng6 68. Bf3 Nd8 69. Bh5 Kc7 70. Ne7 Kd7 1-0

[Event "POL-chT 2nd League Juniors 2020"]
[Site "Sypniewo"]
[Date "2020.10.24"]
[Round "2.20"]
[White "Niemier, Hubert"]
[Black "Dalkowski, Rafal"]
[Result "1-0"]
[ECO "A59"]
[WhiteElo "1771"]
[BlackElo "1871"]
[Annotator "NA RC"]
[PlyCount "79"]
[EventDate "2020.10.23"]
[EventType "team-tourn"]
[EventCountry "POL"]
[SourceTitle "playchess.com"]
[Source "ChessBase"]
[SourceQuality "1"]
[TimeControl "5400+30"]

1. d4 c5 2. d5 Nf6 3. c4 b5 4. cxb5 a6 5. bxa6 Bxa6 6. Nc3 d6 7. e4 Bxf1 8. Kxf1 g6 9. Nf3 Bg7 10. g3 O-O 11. Kg2 Nbd7 12. Re1 {[%emt 0:00:05] 12.Qe2 is the modern continuation.} Qa5 13. Nd2 (13. a4 $16) 13... Nb6 {[%emt 0:03:06] A59: Benko/Volga Gambit: White castles by hand.} 14. Qe2 {[%emt 0:05:28] [#]} Nfd7 $146 ({Predecessor:} 14... Rfb8 15. a3 Nfd7 16. Nb3 Qa6 17. Qxa6 Rxa6 18. Nd2 Ne5 19. f4 Nd3 20. Re3 Nxc1 21. Rxc1 {0-1 (33) Borowicz,P (1936)-Fengier,W (2095) Koszalin 2007}) 15. Nd1 Rfc8 16. Ne3 c4 17. Nexc4 $2 (17. a3 $11 {and White is okay.}) 17... Nxc4 18. Nxc4 Rxc4 19. Qxc4 Qxe1 20. a4 Nc5 21. Ra2 Qxe4+ 22. Qxe4 Nxe4 23. a5 Kf8 24. Be3 Nf6 $2 (24... Ke8 $19 {has better winning chances.} 25. Kf3 Nf6) 25. b4 Nxd5 26. b5 Nc7 27. b6 Na6 28. Rc2 Ke8 29. b7 Rb8 30. Rc6 Rxb7 31. Rxa6 Rb8 32. Ra7 d5 (32... h6 $11 {keeps the balance.}) 33. Bb6 d4 34. Kf3 e5 35. Ke4 f5+ 36. Kd5 d3 37. Rxg7 Rxb6 38. axb6 d2 39. Ke6 Kf8 40. Rd7 1-0

[Event "POL-chT 2nd League Juniors 2020"]
[Site "Sypniewo"]
[Date "2020.10.24"]
[Round "2.21"]
[White "Wieckowski, Michal"]
[Black "Skrzypinski, Jan"]
[Result "1/2-1/2"]
[ECO "B20"]
[WhiteElo "1494"]
[BlackElo "1418"]
[Annotator "NA RC"]
[PlyCount "84"]
[EventDate "2020.10.23"]
[EventType "team-tourn"]
[EventCountry "POL"]
[SourceTitle "playchess.com"]
[Source "ChessBase"]
[SourceQuality "1"]
[TimeControl "5400+30"]

1. e4 c5 2. b3 Nc6 3. Nf3 e6 4. Bb2 d5 5. exd5 exd5 6. Bb5 Be6 7. Qe2 h6 8. O-O Nf6 9. Ne5 Rc8 10. f4 Be7 11. f5 Bd7 12. Nxd7 Qxd7 13. Bxf6 gxf6 14. Nc3 a6 15. Bxc6 Qxc6 16. Rae1 Rc7 17. Qf3 Rd7 18. Re2 Kd8 19. Rfe1 Bd6 20. g3 Rg8 21. Kh1 Be5 22. Nd1 d4 23. Qxc6 bxc6 24. Nb2 Rg5 25. Rf1 Kc7 26. Nc4 Rd5 27. Kg2 h5 28. Kh3 Bd6 29. Ref2 d3 30. c3 Be5 31. Rf3 Rg8 32. Re1 Rgd8 33. Kh4 Ra8 34. Nb2 Re8 35. Ree3 Red8 36. Rxd3 Bd6 37. Kh3 Be5 38. Kg2 Bd6 39. Nd1 Bf8 40. Nf2 Bh6 41. Rxd5 cxd5 42. Rd3 Kc6 1/2-1/2

[Event "POL-chT 2nd League Juniors 2020"]
[Site "Sypniewo"]
[Date "2020.10.24"]
[Round "2.22"]
[White "Kaczmarek, Jan"]
[Black "Leszczewicz, Karol"]
[Result "1-0"]
[ECO "D15"]
[WhiteElo "1229"]
[BlackElo "1267"]
[Annotator "NA RC"]
[PlyCount "115"]
[EventDate "2020.10.23"]
[EventType "team-tourn"]
[EventCountry "POL"]
[SourceTitle "playchess.com"]
[Source "ChessBase"]
[SourceQuality "1"]
[TimeControl "5400+30"]

1. d4 Nf6 2. c4 c6 3. Nf3 d5 4. Nc3 Bf5 5. cxd5 cxd5 6. Qb3 e6 7. Qxb7 Nbd7 8. Bf4 Be7 9. e3 O-O 10. Nh4 Bg6 11. Nxg6 hxg6 12. Bb5 Nb6 13. Bc7 Qc8 14. Bc6 Qxb7 15. Bxb7 Rae8 16. Bxb6 axb6 17. O-O Rb8 18. Ba6 Ra8 19. Bd3 Rac8 20. Rfc1 Bb4 21. Na4 Ba5 22. a3 Rb8 23. Bb5 Bd2 24. Rd1 Ne4 25. Bd3 b5 26. Nc5 Nxc5 27. dxc5 Ba5 28. b4 Bc7 29. a4 bxa4 30. Rxa4 Rfc8 31. Rc1 Bb6 32. Rc2 Bd8 33. b5 Kf8 34. Ra7 e5 35. c6 e4 36. Be2 Rc7 37. Ra6 Rcc8 38. Rd2 Ke7 39. Rxd5 Bc7 40. Rd7+ Kf8 41. Ra7 Be5 42. c7 Bxc7 43. Rdxc7 Rd8 44. Rxf7+ Kg8 45. Rxg7+ Kf8 46. g3 Rb6 47. Rgf7+ Kg8 48. Bc4 Rbd6 49. Rfd7+ Kf8 50. Rxd8+ Rxd8 51. b6 Rb8 52. b7 Ke7 53. Bd5 Kd7 54. Ra8 Kc7 55. Rxb8 Kxb8 56. Bxe4 g5 57. f4 gxf4 58. exf4 1-0

[Event "POL-chT 2nd League Juniors 2020"]
[Site "Sypniewo"]
[Date "2020.10.24"]
[Round "2.23"]
[White "Tarka, Aleksandra"]
[Black "Niemier, Martyna"]
[Result "1/2-1/2"]
[ECO "C00"]
[WhiteElo "1676"]
[BlackElo "1235"]
[Annotator "NA RC"]
[PlyCount "62"]
[EventDate "2020.10.23"]
[EventType "team-tourn"]
[EventCountry "POL"]
[SourceTitle "playchess.com"]
[Source "ChessBase"]
[SourceQuality "1"]
[TimeControl "5400+30"]

1. e4 e6 2. d4 d5 3. Bd3 c5 4. exd5 Qxd5 5. Nc3 Qd8 6. Nf3 Nf6 7. Be3 cxd4 8. Bxd4 Be7 9. O-O O-O 10. Qe2 Nc6 11. Rfd1 Nxd4 12. Nxd4 Qb6 13. Rab1 Bd7 14. Nf3 Bc6 15. Ne5 Rad8 16. a3 Qc5 17. Nxc6 Qxc6 18. Ne4 h6 19. c3 a6 20. Nxf6+ Bxf6 21. Qe4 Qxe4 22. Bxe4 b6 23. Kf1 a5 24. Ke2 Bg5 25. Bc6 f5 26. Rxd8 Rxd8 27. Rd1 Rxd1 28. Kxd1 Kf7 29. b4 Bf6 30. Kc2 e5 31. f3 g5 1/2-1/2

[Event "POL-chT 2nd League Juniors 2020"]
[Site "Sypniewo"]
[Date "2020.10.24"]
[Round "2.24"]
[White "Lewicka, Joanna"]
[Black "Pastuszko, Katarzyna"]
[Result "0-1"]
[ECO "C50"]
[WhiteElo "1243"]
[BlackElo "1251"]
[Annotator "NA RC"]
[PlyCount "102"]
[EventDate "2020.10.23"]
[EventType "team-tourn"]
[EventCountry "POL"]
[SourceTitle "playchess.com"]
[Source "ChessBase"]
[SourceQuality "1"]
[TimeControl "5400+30"]

1. e4 e5 2. Nf3 Nc6 3. Bc4 Nf6 4. d3 Bc5 5. O-O d6 6. h3 h6 7. c3 O-O 8. Re1 Be6 9. Bb3 Qd7 10. d4 Bxb3 11. axb3 exd4 12. cxd4 Bb4 13. Nc3 Rfe8 14. Qe2 Bxc3 15. bxc3 Nxe4 16. Qd3 Nf6 17. Bb2 Nd5 18. c4 Nf4 19. Qc3 Ne2+ 20. Rxe2 Rxe2 21. d5 Ne5 22. Nxe5 dxe5 23. Bc1 Qf5 24. Be3 Rc2 25. Qb4 Qc8 26. Rxa7 Rxa7 27. Bxa7 b6 28. c5 Rxc5 29. d6 Ra5 30. Bxb6 cxb6 31. Qxb6 Qc1+ 32. Kh2 Qd2 33. d7 Rd5 34. Qb8+ Kh7 35. d8=Q Rxd8 36. Qxe5 Qd6 37. Qxd6 Rxd6 38. b4 Rb6 39. b5 Rxb5 40. Kg1 Kg6 41. Kh2 Kg5 42. Kg3 Rb3+ 43. Kh2 Kf4 44. Kg1 g5 45. g3+ Kf3 46. h4 gxh4 47. gxh4 Rb2 48. h5 Rxf2 49. Kh1 Kg3 50. Kg1 f6 51. Kh1 Rf1# 0-1